 Dungeon Crawl Stone Soup version 0.17-a0-1954-g0dddeaa (webtiles) character file.

4369 4thArraOfDagon the Grappler (level 10, 0/88 HPs)
             Began as a Troll Monk on Oct 3, 2015.
             Was a Priest of Cheibriados.
             Slain by a death yak (4 damage)
             ... on level 8 of the Dungeon.
             The game lasted 00:16:17 (3209 turns).

4thArraOfDagon the Grappler (Troll Monk)            Turns: 3209, Time: 00:16:17

Health: 0/88       AC:  9    Str: 29    XL:     10   Next: 13%
Magic:  15/19      EV: 13    Int: 17    God:    Cheibriados [***...]
Gold:   215        SH: 11    Dex: 20    Spells: 0 memorised, 9 levels left

rFire  + . .     SeeInvis +       - Unarmed
rCold  x . .     Clarity  .     a - +0 robe
rNeg   . . .     SustAt   .     h - +0 shield
rPois  .         Gourm    +     c - +2 hat
rElec  +         Spirit   .     i - +1 cloak
rCorr  .         Warding  .     (gloves unavailable)
rMut   .         Stasis   .     (boots unavailable)
MR     .....                    H - amulet of inaccuracy
Stlth  ++........               B - ring of the Middle {rElec rF+ rC- MP+9 SInv}
                                q - +4 ring of slaying

@: very slow, not resistant to hostile enchantments, unstealthy
A: unfitting armour, claws 3, fast metabolism 3, frail 1, gourmand, regeneration
2, shaggy fur 1, tough skin 2
a: Bend Time, Temporal Distortion, Renounce Religion


You were on level 8 of the Dungeon.
You worshipped Cheibriados.
Cheibriados was most pleased with you.
You were completely stuffed.

You visited 2 branches of the dungeon, and saw 9 of its levels.
You also visited: Bailey.

You collected 215 gold pieces.

Inventory:

Hand weapons
 n - a +0 giant spiked club
Armour
 a - a +0 robe (worn)
 c - a +2 hat (worn)
 h - a +0 shield (worn)
 i - a +1 cloak (worn)
Jewellery
 q - a +4 ring of slaying (left claw)
 x - an uncursed ring of wizardry
 B - the ring of the Middle (right claw) {rElec rF+ rC- MP+9 SInv}
   (You took it off an orc wizard on level 6 of the Dungeon)

   [ring of magical power]

   It protects you from fire.
   It makes you vulnerable to cold.
   It insulates you from electricity.
   It affects your magic capacity (+9).
   It lets you see invisible.
 H - an amulet of inaccuracy (around neck)
Magical devices
 k - a wand of polymorph (0)
 m - a wand of random effects (4)
 u - a wand of digging (11)
 y - a wand of fire (6)
 E - a wand of disintegration (19)
Scrolls
 d - a scroll of enchant armour
 g - 2 scrolls of immolation
 l - a scroll of remove curse
 r - 2 scrolls of blinking
Potions
 e - 3 potions of heal wounds
 o - 2 potions of might {unknown}
 p - 4 potions of magic
 t - 2 potions of resistance
 w - a potion of haste {unknown}
 z - a potion of curing
 A - a potion of cancellation {unknown}
 C - a potion of mutation {unknown}
Comestibles
 b - 8 bread rations
 f - 8 meat rations
 j - 7 fruits
 v - a slice of pizza
 D - a beef jerky


   Skills:
 + Level 5.7 Fighting
 + Level 5.8 Dodging
 - Level 1.1 Stealth
 * Level 5.3 Shields
 * Level 10.3 Unarmed Combat
 + Level 2.0 Invocations


You had 9 spell levels left.
You didn't know any spells.

Dungeon Overview and Level Annotations

Branches:
Dungeon (8/15)             Temple (1/1) D:4            Lair (0/8) D:8

Altars:
Cheibriados
Dithmenos
Elyvilon
Fedhas
Gozag
Makhleb
Nemelex Xobeh
Okawaru
Qazlal
Ru
Sif Muna
Trog
Yredelemnul
Zin
The Shining One
Beogh

Shops:
D:7 (


Innate Abilities, Weirdness & Mutations

You are too large for most types of armour.
You have claws for hands.
Your metabolism is lightning-fast.
You like to eat raw meat.
You heal very quickly.
You are covered in fur (AC +1).
You have very tough skin (AC +2).
You are frail (-10% HP).


Message History

You scratch the death yak but do no damage.
The death yak is heavily wounded.
You block the death yak's attack.
You completely miss the death yak.
The death yak is heavily wounded.
The death yak gores you!!
* * * LOW HITPOINT WARNING * * *
You are too injured to fight recklessly!
You are too injured to fight recklessly!
You are too injured to fight recklessly!
Use which ability?
You warp the flow of time around you!
You feel somewhat less full.
You can no longer inflict damage on those overly hasty.
Cheibriados reduces the support of your attributes as your movement quickens.
Unknown command.
Use which ability?
You fail to use your ability.
The death yak bellows!
The death yak gores you.
You die...

.....>........... # #.
#......(........##.. #..
..P..........5Y.... #$.
#.......# #.## #.# ....(..#
#..### #.# ..(..# ##...†
#.# ###...# #####
##.####.#†.###
#......Y@....##
#..)..........##
#....<.........# ##
#...........<..# ####.
#..............# #....
#..............# #....
#..............# #....
###.............## ######.
#...#.......(..[#####..#...


You could see a death yak.

Vanquished Creatures
  An elephant (D:8)
  A hippogriff (D:8)
  A hungry ghost (D:7)
  Edmund (D:4)
  A water moccasin (D:5)
  Duvessa (D:4)
  A sky beast (D:5)
  2 necrophages
  A black bear (D:8)
  2 ice beasts
  5 orc warriors
  2 centaurs (D:7)
  8 ogres
  2 crocodiles (D:8)
  Blork the orc (D:5)
  2 giant frogs
  Dowan (D:4)
  2 scorpions
  2 wights
  2 crimson imps
  8 orc wizards
  3 giant frog zombies
  An iguana (D:6)
  4 orc priests
  2 hounds
  2 jellies
  2 giant frog skeletons
  2 worker ants (D:5)
  A killer bee zombie (D:6)
  3 hound skeletons
  11 gnolls
  A shadow imp (D:8)
  6 adders
  An ooze (D:3)
  An adder zombie (D:7)
  An adder skeleton (D:4)
  A worm (D:4)
  39 orcs
  3 giant cockroaches
  4 goblins
  2 hobgoblins
  10 jackals
  4 kobolds
  A ball python (D:3)
  3 bats
  2 giant geckos
  A giant gecko skeleton (D:4)
  A giant newt (D:6)
  A quokka (D:4)
  6 rats
166 creatures vanquished.

Vanquished Creatures (others)
  A worm (D:4)
1 creature vanquished.

Grand Total: 167 creatures vanquished

Notes
Turn   | Place    | Note
--------------------------------------------------------------
     0 | D:1      | 4thArraOfDagon the Troll Monk began the quest for the Orb.
     0 | D:1      | Reached XP level 1. HP: 22/22 MP: 0/0
    98 | D:1      | Reached XP level 2. HP: 29/29 MP: 1/1
   326 | D:2      | Found a burning altar of Makhleb.
   549 | D:4      | Noticed Edmund
   553 | D:4      | Noticed an ogre
   561 | D:4      | Killed an ogre
   561 | D:4      | Reached skill level 5 in Unarmed Combat
   561 | D:4      | Reached XP level 3. HP: 37/37 MP: 2/2
   561 | D:4      | Reached XP level 4. HP: 45/45 MP: 3/3
   566 | D:4      | Killed Edmund
   566 | D:4      | Reached XP level 5. HP: 53/53 MP: 4/4
   673 | D:5      | Entered Level 5 of the Dungeon
   673 | D:5      | Noticed an ogre
   680 | D:5      | Killed an ogre
   680 | D:5      | Reached skill level 6 in Unarmed Combat
   680 | D:5      | Reached XP level 6. HP: 33/61 MP: 5/5
   778 | D:4      | Found a shadowy altar of Dithmenos.
   853 | D:5      | Noticed a sky beast
   867 | D:5      | Killed a sky beast
   867 | D:5      | Reached XP level 7. HP: 50/70 MP: 6/6
   872 | D:5      | Noticed a water moccasin
   874 | D:5      | Gained mutation: You are frail (-10% HP). [mutagenic meat]
   891 | D:5      | Killed a water moccasin
   891 | D:5      | Reached skill level 7 in Unarmed Combat
   933 | D:6      | Found a runed door.
  1052 | D:6      | Found a sacrificial altar of Ru.
  1103 | D:6      | Found a blossoming altar of Fedhas.
  1200 | D:7      | Reached skill level 1 in Shields
  1200 | D:7      | Reached XP level 8. HP: 69/71 MP: 7/7
  1248 | D:7      | Reached skill level 8 in Unarmed Combat
  1322 | D:7      | Found a flagged portal.
  1326 | D:7      | Found Noysm's Antique Weapon Shoppe.
  1333 | Bailey   | Entered a bailey
  1570 | D:5      | Noticed an ogre
  1575 | D:5      | Killed an ogre
  1643 | D:5      | Found a stormy altar of Qazlal.
  1660 | D:5      | Noticed Blork the orc
  1671 | D:5      | Killed Blork the orc
  1749 | D:4      | Found a white marble altar of Elyvilon.
  1792 | D:4      | Noticed an ogre
  1800 | D:4      | Killed an ogre
  1800 | D:4      | Reached skill level 5 in Fighting
  1800 | D:4      | Reached skill level 5 in Dodging
  1807 | D:4      | Noticed Duvessa
  1815 | D:4      | Noticed Dowan
  1817 | D:4      | Killed Duvessa
  1829 | D:4      | Killed Dowan
  1829 | D:4      | Reached skill level 9 in Unarmed Combat
  1829 | D:4      | Reached XP level 9. HP: 50/79 MP: 8/8
  1853 | D:4      | Found a stormy altar of Qazlal.
  1897 | D:4      | Found a sparkling altar of Nemelex Xobeh.
  1897 | D:4      | Found a deep blue altar of Sif Muna.
  2572 | D:4      | Found a staircase to the Ecumenical Temple.
  2573 | D:4      | Noticed an ogre
  2578 | Temple   | Entered the Ecumenical Temple
  2609 | Temple   | Became a worshipper of Cheibriados the Contemplative
  2609 | Temple   | Acquired Cheibriados's first power
  2612 | Temple   | Killed an ogre
  2822 | D:6      | Reached skill level 1 in Invocations
  2840 | D:6      | Acquired Cheibriados's second power
  2892 | D:6      | Found a roughly hewn altar of Beogh.
  2920 | D:6      | Got a scintillating marble ring
  2922 | D:6      | Identified the ring of the Middle {rElec rF+ rC- MP+9 SInv} (You took it off an orc wizard on level 6 of the Dungeon)
  2945 | D:6      | Reached skill level 10 in Unarmed Combat
  3058 | D:8      | Noticed an elephant
  3059 | D:8      | Noticed a death yak
  3078 | D:8      | Killed an elephant
  3078 | D:8      | Reached skill level 5 in Shields
  3078 | D:8      | Reached XP level 10. HP: 62/88 MP: 10/10
  3139 | D:8      | Found a bloodstained altar of Trog.
  3178 | D:8      | Found a staircase to the Lair.
  3200 | D:8      | Acquired Cheibriados's third power
  3208 | D:8      | HP: 3/88 [death yak (27)]
  3209 | D:8      | Slain by a death yak

Vault maps used:
D:1:      lightli_molten_gateway
D:2:      bloody_makhleb, old_standard_altar, minmay_misc_feat_secret_circle
D:4:      nicolae_overflow_hidden_temple, elyvilon_altar_5,
          grunt_temple_overflow_open, temple_green, first_bread,
          serial_bayou_pond_d, grunt_qazlal_clouds, uniq_duvessa, uniq_edmund,
          uniq_grinder
D:5:      kennysheep_little_box, uniq_blork_the_orc
D:6:      kennysheep_mini_moat, nicolae_ru_great_annihilating_truth,
          kennysheep_crisscross, lightli_church_of_beogh
D:7:      enter_bailey_1, serial_shops, shop
D:8:      kennysheep_mini, david_lair_generic, basic_altar,
          hangedman_little_slice_of_home
Temple:   cyrus_temple_forest_13
Bailey:   bailey_axe_1, bailey

Action                   |  1- 3 |  4- 6 |  7- 9 | 10-12 || total
-------------------------+-------+-------+-------+-------++-------
Melee: Unarmed           |    52 |    65 |   368 |    30 ||   515
Throw: Tomahawk          |       |       |       |     3 ||     3
Invok: Temporal Distorti |       |       |       |     1 ||     1
Evoke: Wand              |       |     1 |     7 |       ||     8
  Use: Potion            |     2 |       |       |       ||     2
       Scroll            |       |       |    14 |     3 ||    17
 Stab: Sleeping          |       |     1 |     2 |       ||     3
  Eat: Chunk             |     7 |     4 |    27 |     2 ||    40
